Map: King Sejong Station LE

Players

LiquidSnute (Snute) - Winner!

  • Race: Zerg Zerg

LiquidBunny (Bunny)

  • Race: Terran Terran
  • League: Master

Event: DreamHack ZOWIE Open Valencia 2016

VOD

https://www.youtube.com/watch?v=N19IURF2QGE

Description

Time

  • Played on: July 14, 2016, 2:48 p.m.
  • Length: 17:05

All games in this series

Show
View Real Time Build Order
Export as new Build Order

LiquidSnute Zerg - Winner!

Build Orders: Hatch First 

Get SALT Encoding   

  12  0:00  Drone  
  13  0:12  Overlord  
  13  0:17  Drone  
  14  0:30  Drone x2  
  14  0:34  Drone  
  17  0:52  Hatchery  
  17  0:55  Drone  
  17  0:58  Drone  
  17  1:00  Extractor  
  17  1:13  Spawning Pool  
  17  1:17  Drone  
  17  1:20  Drone  
  18  1:28  Drone  
  19  1:38  Overlord  
  19  2:00  Zergling x4, Queen  
  19  2:01  Metabolic Boost  
  23  2:04  Queen  
  25  2:12  Drone  
  25  2:14  Overlord  
  26  2:21  Drone  
  27  2:32  Drone  
  27  2:33  Drone x2  
  30  2:42  Queen  
  32  2:49  Zergling x6  
  35  2:53  Pneumatized Carapace  
  35  2:56  Drone  
  36  2:59  Overlord  
  36  3:06  Drone  
  36  3:09  Drone x2  
  36  3:10  Drone  
  36  3:11  Drone  
  36  3:12  Drone  
  42  3:17  Overlord  
  42  3:21  Drone  
  42  3:22  Drone  
  44  3:28  Drone x2  
  46  3:37  Drone  
  47  3:41  Hatchery  
  47  3:43  Drone  
  47  3:44  Drone  
  47  3:46  Drone  
  47  3:47  Drone  
  50  3:50  Drone  
  50  3:52  Drone  
  52  3:56  Overlord  
  52  3:57  Drone  
  53  4:03  Queen  
  55  4:10  Queen  
  55  4:14  Overlord  
  57  4:17  Zergling x4  
  57  4:23  Zergling x4  
  61  4:26  Spore Crawler  
  61  4:27  Zergling x2  
  61  4:31  Zergling x10  
  63  4:35  Spore Crawler  
  65  4:39  Queen  
  65  4:45  Zergling x8, Evolution Chamber x2  
  70  4:52  Drone  
  70  4:54  Drone  
  70  4:56  Queen  
  70  4:57  Queen  
  75  5:02  Drone x2  
  75  5:05  Drone x2  
  78  5:08  Drone x3  
  72  5:17  Drone x4  
  72  5:18  Drone x2  
  76  5:22  Zerg Ground Armor Level 1  
  76  5:25  Overlord  
  76  5:27  Zergling x2  
  77  5:31  Drone x3  
  77  5:33  Drone  
  81  5:36  Zerg Missile Weapons Level 1  
  81  5:38  Lair  
  81  5:41  Overlord  
  81  5:46  Drone x3  
  81  5:48  Drone  
  85  5:50  Drone  
  85  5:52  Drone, Roach Warren  
  85  5:54  Extractor x3  
  85  5:56  Drone x2  
  85  5:58  Drone  
  85  6:00  Drone  
  86  6:05  Drone x5  
  86  6:06  Drone x2  
  86  6:09  Drone  
  94  6:14  Drone  
  94  6:15  Drone  
  94  6:17  Extractor, Queen  
  94  6:18  Extractor  
  96  6:20  Overlord  
  96  6:23  Overlord  
  96  6:25  Overlord  
  96  6:37  Glial Reconstitution  
  96  6:38  Queen  
  96  6:39  Roach x3  
  104  6:42  Infestation Pit  
  102  6:47  Roach  
  102  6:48  Roach x4  
  109  6:55  Roach x3  
  115  7:03  Overlord x3  
  114  7:12  Queen  
  114  7:13  Overlord, Queen  
  114  7:14  Overlord  
  114  7:20  Queen  
  111  7:23  Roach  
  111  7:24  Roach x9  
  131  7:30  Roach  
  131  7:31  Roach  
  131  7:35  Roach  
  131  7:36  Roach x4  
  141  7:43  Ravager  
  141  7:44  Ravager x2  
  143  7:51  Zerg Missile Weapons Level 2  
  143  7:58  Drone  
  143  7:59  Drone, Hatchery  
  143  8:00  Drone x4  
  148  8:05  Zerg Ground Armor Level 2  
  148  8:08  Overlord x3  
  148  8:14  Infestor  
  148  8:16  Overlord x3  
  148  8:28  Infestor  
  150  8:40  Roach x6  
  150  8:41  Roach x5  
  172  8:45  Ravager  
  172  8:47  Extractor  
  172  8:49  Extractor  
  172  8:52  Spore Crawler  
  170  8:55  Ravager  
  173  9:03  Roach x8  
  187  9:14  Roach  
  187  9:15  Roach x5, Spore Crawler  
  198  9:22  Ravager x2  
  200  9:31  Hive  
  162  10:17  Roach x19  
  162  10:18  Roach x2  
  174  10:27  Infestor x2  
  175  10:30  Ravager x2  
  175  10:31  Ravager x2  
  175  10:32  Ravager  
  175  10:34  Roach  
  175  10:35  Roach x4  
  188  10:49  Drone x2  
  191  10:50  Drone, Spire  
  190  10:57  Drone  
  190  10:58  Drone x7  
  190  10:59  Drone, Extractor  
  188  11:26  Roach x6  
  186  11:41  Zerg Missile Weapons Level 3, Zerg Ground Armor Level 3  
  182  11:48  Infestor x3  
  182  11:51  Drone x3, Hatchery  
  182  11:52  Drone x5  
  182  11:53  Drone x2  
  193  12:06  Greater Spire  
  193  12:11  Ravager x2  
  143  12:40  Roach x7  
  143  12:41  Roach x4  
  165  12:45  Drone  
  165  12:46  Drone x2  
  168  12:54  Corruptor x6  
  180  13:00  Overseer  
  180  13:05  Ravager  
  181  13:06  Ravager  
  182  13:21  Zerg Flyer Armor Level 1  
  182  13:26  Brood Lord  
  186  13:27  Brood Lord  
  179  13:46  Brood Lord x2  
  179  13:48  Brood Lord  
  183  13:51  Overlord  
  183  13:55  Extractor  
  182  13:57  Drone x3, Extractor  
  184  14:03  Overlord  
  184  14:07  Corruptor x4  
  192  14:29  Infestor x3  
  196  14:39  Infestor x2  
  196  14:44  Spore Crawler x2  
  196  14:45  Spore Crawler  
  176  15:17  Roach  
  176  15:18  Roach x12  
  178  15:25  Roach  
  178  15:26  Roach  
  166  15:43  Roach x8  
  166  15:49  Hatchery  
  180  16:00  Infestor x2  
  180  16:02  Ravager x2  
  180  16:03  Ravager x2  
  188  16:04  Ravager  
  188  16:05  Ravager  
  188  16:27  Infestor x2  
Show
View Real Time Build Order
Export as new Build Order

LiquidBunny Terran 

Build Orders: Reaper Expand, Bio Tank 

Get SALT Encoding   

  12  0:00  SCV  
  13  0:12  SCV  
  14  0:17  Supply Depot  
  14  0:25  SCV  
  15  0:38  SCV  
  15  0:40  Barracks  
  16  0:43  Refinery  
  16  0:50  SCV  
  17  1:02  SCV  
  18  1:15  SCV  
  19  1:27  Orbital Command, Reaper  
  20  1:39  Command Center  
  20  1:50  Barracks  
  20  1:53  SCV  
  21  2:00  Barracks Reactor  
  21  2:03  Supply Depot  
  21  2:07  SCV  
  22  2:14  Refinery  
  22  2:20  SCV  
  23  2:27  Factory  
  23  2:34  SCV  
  24  2:37  Marine x2  
  24  2:38  Barracks Tech Lab  
  26  2:46  SCV  
  27  2:51  Orbital Command  
  27  2:56  Stimpack  
  27  2:58  SCV  
  28  2:59  Marine  
  28  3:02  Marine  
  28  3:04  Marine  
  31  3:10  SCV  
  32  3:14  Starport  
  32  3:17  SCV  
  33  3:21  Factory Reactor  
  33  3:22  SCV  
  33  3:24  Marine  
  35  3:30  Bunker  
  35  3:32  Marine  
  35  3:33  Marine  
  38  3:34  SCV  
  38  3:38  SCV  
  39  3:42  Supply Depot  
  39  3:45  Marine  
  39  3:46  SCV  
  40  3:50  Marine, SCV  
  40  3:54  Marine  
  43  3:58  SCV  
  43  4:02  SCV  
  45  4:03  Medivac x2  
  45  4:05  Marine  
  50  4:10  SCV  
  50  4:13  Supply Depot, Marine  
  50  4:14  SCV  
  50  4:15  Marine  
  53  4:22  SCV  
  54  4:25  Supply Depot  
  54  4:31  Supply Depot  
  54  4:34  Marine x3  
  54  4:35  SCV x2  
  59  4:47  Factory Tech Lab, SCV  
  59  4:52  Marine x2, Command Center  
  61  4:53  Marine  
  61  4:54  SCV  
  61  4:59  Combat Shields  
  64  5:00  SCV  
  64  5:02  Medivac  
  64  5:06  SCV  
  68  5:10  Marine  
  65  5:16  Marine x2  
  65  5:18  Siege Tank  
  65  5:20  SCV  
  67  5:21  Refinery  
  67  5:22  SCV, Refinery  
  67  5:28  Marine  
  69  5:31  Engineering Bay  
  69  5:32  SCV, Engineering Bay  
  69  5:34  Marine  
  71  5:38  Marine  
  71  5:42  SCV  
  73  5:44  SCV  
  73  5:46  Medivac x2  
  76  5:51  Barracks  
  76  5:53  Barracks  
  76  5:56  Marine  
  77  5:57  SCV  
  77  5:58  Barracks  
  77  6:02  SCV  
  77  6:03  Marine  
  79  6:08  Siege Tank  
  79  6:09  SCV  
  83  6:13  Terran Infantry Weapons Level 1  
  83  6:16  Terran Infantry Armor Level 1  
  83  6:17  SCV  
  84  6:21  Marine, SCV  
  84  6:24  Medivac  
  88  6:27  Marine x2  
  88  6:29  SCV  
  91  6:34  SCV  
  91  6:39  Marine  
  93  6:42  Barracks Reactor x2  
  93  6:45  Orbital Command  
  93  7:10  Marine x2  
  93  7:11  Marine  
  93  7:20  SCV x2  
  93  7:21  SCV  
  93  7:22  Marine x2  
  93  7:24  Marine  
  93  7:25  Marine x2  
  93  7:28  Medivac x2  
  93  7:29  Marine  
  93  7:30  Marine x2  
  93  7:32  SCV  
  93  7:33  SCV x2  
  93  7:35  Siege Tank  
  92  7:41  Marine, Barracks Reactor  
  93  7:45  Armory  
  93  7:47  Marine x2, SCV x3  
  93  7:48  Marine  
  93  7:49  Barracks  
  93  7:50  Factory, Marine x2, Barracks  
  101  7:54  Bunker  
  101  7:56  Supply Depot  
  101  7:58  Supply Depot  
  101  8:08  Marine x5, SCV  
  101  8:09  SCV x2  
  109  8:17  Marine x2  
  109  8:18  Marine x2, Siege Tank  
  113  8:21  SCV  
  113  8:26  Marine x3  
  114  8:28  Marine x2  
  114  8:33  SCV  
  118  8:35  Marine x2  
  118  8:36  Marine x2  
  118  8:37  Refinery  
  118  8:40  Supply Depot  
  123  8:41  Barracks Tech Lab  
  123  8:42  Supply Depot x2, Barracks Tech Lab  
  123  8:43  Terran Infantry Weapons Level 2  
  123  8:44  Terran Infantry Armor Level 2  
  123  8:45  Marine  
  123  8:47  Marine x2  
  124  8:50  Marine  
  125  8:56  Factory Tech Lab  
  125  9:01  Marine x4, Siege Tank  
  132  9:03  Marine x2  
  132  9:04  Marine, Marauder  
  132  9:06  Medivac x2  
  132  9:07  Marine x2  
  143  9:14  Supply Depot, Marine  
  144  9:19  Marine x2  
  144  9:21  Marine  
  144  9:22  Marauder  
  149  9:35  Marine x4  
  149  9:36  Marauder x2  
  157  9:40  Marine  
  157  9:41  Marine  
  157  9:42  Marine  
  157  9:44  Marine, Marauder  
  157  9:45  SCV  
  156  9:51  Siege Tank  
  155  9:53  Marine x2  
  157  10:00  Marine  
  157  10:02  Marine x2  
  157  10:04  Marine x2, Marauder  
  157  10:05  Marine  
  157  10:06  Marauder  
  157  10:07  Marauder  
  157  10:11  Marine  
  144  10:19  Marine x2  
  144  10:20  Marine  
  115  10:21  Marine  
  115  10:22  Marine x2  
  115  10:25  Siege Tank x2  
  115  10:26  Marine, Marauder  
  115  10:28  Marauder x2  
  124  10:29  Marine  
  125  10:37  Marine x2  
  125  10:38  Marine  
  125  10:39  Marine x2  
  130  10:46  Marine x2  
  130  10:47  Marine, Marauder  
  130  10:49  Marauder  
  138  10:50  Marauder  
  138  10:55  Marine x2  
  138  10:56  Marine  
  141  10:57  Marine x2, Siege Tank  
  141  10:59  Siege Tank  
  141  11:01  Command Center  
  149  11:04  Marine x2  
  149  11:06  Marine  
  149  11:08  Marauder  
  149  11:11  Marauder  
  156  11:13  Marine  
  156  11:16  Marine, Concussive Shells  
  157  11:19  Marine  
  157  11:23  Marine  
  157  11:26  Marine, Marauder  
  157  11:40  Marine x2  
  157  11:44  Marine, Terran Infantry Weapons Level 3, Terran Infantry Armor Level 3  
  157  11:45  Marine  
  157  11:53  Marine x2  
  157  11:54  Marine  
  157  11:55  Marine, Marauder  
  157  11:56  Medivac  
  157  11:58  Marauder  
  157  12:12  Marine x6  
  157  12:13  Marauder, Siege Tank x2  
  157  12:14  Marine  
  157  12:15  Marine  
  171  12:16  Marauder  
  171  12:20  Marauder  
  144  12:30  Marine x6  
  144  12:34  Marine, Marauder  
  144  12:36  Marine  
  129  12:38  Marauder  
  129  12:41  Planetary Fortress  
  129  12:42  Marauder  
  128  12:45  Siege Tank x2  
  128  12:47  Medivac  
  128  12:48  Marine x4  
  140  12:53  Marine x2  
  140  12:56  Marauder  
  144  13:04  Marine x3, Marauder  
  149  13:06  Marine  
  149  13:07  Marine  
  151  13:15  Marine  
  151  13:17  Marine, Marauder, Siege Tank, Cyclone  
  153  13:22  Marine, Marauder  
  153  13:26  Marauder  
  158  13:28  Marine x2  
  158  13:29  Marine x2  
  158  13:32  Marine  
  155  13:39  Marauder  
  153  13:42  Marine  
  153  13:44  Marauder  
  153  13:47  Marine x4, Marauder  
  152  13:49  Siege Tank  
  152  13:51  Medivac  
  152  13:53  Medivac  
  159  13:58  Marine x2  
  159  14:00  Marauder  
  159  14:02  Marine  
  163  14:05  Marine, Marauder  
  163  14:06  Marine  
  163  14:09  Marauder  
  170  14:17  Marine  
  169  14:18  Command Center  
  169  14:20  Marine x2  
  169  14:24  Marine  
  171  14:27  Marauder  
  172  14:44  Marine  
  172  14:47  Medivac  
  172  14:49  Marine  
  172  14:51  Medivac  
  172  14:53  Marine x4  
  172  14:54  Marauder x2  
  150  15:04  Marine x2  
  150  15:05  Marauder  
  147  15:07  Marine  
  147  15:08  Marine  
  147  15:11  Marine x3  
  152  15:15  Marauder  
  152  15:17  Marine x2  
  149  15:22  Marine  
  149  15:25  Viking x2  
  149  15:26  Marine, Marauder  
  130  15:32  Marine x2  
  118  15:35  Marauder  
  118  15:36  Marine x2  
  118  15:37  Marauder  
  121  15:46  Marine x2  
  121  15:47  Marauder  
  121  15:49  Marine x2  
  118  15:53  Marine  
  118  15:54  Marine  
  119  15:58  Marine x2  
  123  16:05  Marine  
  123  16:09  Marine x2  
  119  16:14  Marine x2  
  116  16:19  Planetary Fortress  
  111  16:25  Viking  
  111  16:30  Marine x3  
  111  16:31  Marauder  
  118  16:37  Marine x3  
  118  16:38  Marauder  
  118  16:39  Marine  

Tags
 
Add a new tag
Caveats
  • Supply blocks, unpowered buildings, or Contaminate may cause inaccurate times.
  • Supply counts are checked every 10 seconds.